AoeStats
← Kirk Van Houten's Horny Ghost

Oasis

509183998Analyzed
3v3 RM · 6d ago on Sep 25, 2026· 25m 23s· 6 players
Game mode
Random Map
Map size
Normal (6 player)
Population
200
Speed
Normal
Resources
Standard
Victory
Conquest
Starting age
Dark Age
Ending age
Imperial Age
RankedLock teamsTeams togetherTeam positionsShared explorationLock speedFull tech treeHidden civsTurbo modeCheats
Victory
Defeat
🇮🇪 Goths · Ireland
1209
+12
1125
+15
1061
+18
🇧🇪 Cumans · Belgium
1206
-19
🇬🇧 Ethiopians · United Kingdom
1177
-18
🇭🇺 Jurchens · Hungary
920
-8
Arne
6:30 Loom
9:10 Feudal Age
11:02 Man-at-Arms
Curryfortea
6:41 Loom
9:47 Feudal Age
11:02 Double-Bit Axe
18:15 Fletching
24:42 Castle Age
24:01 Padded Archer Armor
25:00 Crossbowman
LGD
8:56 Loom
11:29 Feudal Age
12:41 Double-Bit Axe
12:40 Horse Collar
23:21 Castle Age
21:59 Gold Mining
24:51 Forging
24:57 Scale Barding Armor
Cornflakes
5:29 Loom
10:07 Feudal Age
10:10 Man-at-Arms
10:54 Double-Bit Axe
18:09 Horse Collar
22:50 Castle Age
21:01 Padded Archer Armor
22:23 Scale Mail Armor
23:06 Forging
22:57 Long Swordsman
23:53 Chain Mail Armor
Kirk Van Houten's Horny Ghost
8:07 Loom
10:28 Feudal Age
11:21 Double-Bit Axe
11:18 Horse Collar
13:09 Horse Collar
13:29 Town Watch
16:05 Castle Age
17:46 Padded Archer Armor
17:37 Fletching
19:06 Leather Archer Armor
19:20 Bodkin Arrow
19:15 Elite Skirmisher
23:44 Scale Mail Armor
25:26 Chain Mail Armor
[POO ALLIANCE] GroomOfTheStool
7:29 Loom
10:12 Feudal Age
12:44 Double-Bit Axe
18:56 Castle Age
18:50 Horse Collar
19:42 Scale Mail Armor
20:15 Gambesons
20:49 Chain Mail Armor
Connection lost

Rejoining the realm…

Still unreachable

The connection could not be restored.

Session expired

The server has moved on; the page needs a fresh start.